Map: Blackpink LE

Players

Athelas

  • Race: Terran Terran
  • Spawn Location: 7:00

Dutchkid - Winner!

  • Race: Zerg Zerg
  • League: Diamond
  • Spawn Location: 1:00

VOD

Have the link to the VOD?

Description

Mostly for the ending

Time

  • Played on: Jan. 8, 2018, 3:55 p.m.
  • Length: 16:07
Show
View Real Time Build Order
Export as new Build Order

Athelas Terran 

Build Orders: Hellion Banshee, Mech 

Get SALT Encoding   

  12  0:00  SCV  
  13  0:13  SCV  
  14  0:17  Supply Depot  
  14  0:25  SCV  
  15  0:39  SCV, Barracks  
  16  0:49  Refinery  
  16  0:51  SCV  
  17  1:03  SCV  
  18  1:15  SCV  
  19  1:27  Marine  
  19  1:28  Orbital Command  
  20  1:41  Command Center  
  20  1:45  Reaper  
  21  1:53  SCV  
  22  1:55  Supply Depot  
  22  2:07  SCV  
  23  2:19  SCV, Factory  
  24  2:27  Barracks Reactor  
  24  2:31  SCV  
  25  2:39  Command Center  
  25  2:44  SCV  
  26  2:48  Refinery  
  26  2:54  Orbital Command  
  26  2:57  SCV  
  27  3:08  Starport  
  27  3:12  Hellion  
  29  3:16  Hellion  
  29  3:19  Barracks Tech Lab  
  31  3:21  SCV  
  31  3:24  SCV  
  33  3:30  Supply Depot  
  33  3:33  SCV  
  34  3:36  SCV  
  35  3:43  Hellion x2  
  39  3:49  SCV x2  
  39  3:53  Orbital Command  
  41  3:57  Cloaking Field  
  41  4:02  Banshee  
  44  4:04  SCV  
  44  4:05  SCV  
  46  4:11  Hellion  
  46  4:12  Hellion  
  50  4:17  Supply Depot  
  50  4:18  SCV x2  
  52  4:26  SCV  
  52  4:30  SCV  
  54  4:36  SCV  
  52  4:48  SCV  
  50  4:56  Hellion x2  
  51  5:03  Banshee  
  51  5:04  SCV x2  
  56  5:08  SCV  
  56  5:10  Refinery  
  56  5:11  Refinery  
  56  5:13  Armory  
  56  5:14  Armory  
  57  5:16  SCV x2  
  57  5:17  Hellion x2  
  57  5:20  SCV  
  64  5:28  SCV  
  57  5:50  Viking, Hellion x2  
  57  5:51  SCV  
  57  5:52  SCV  
  57  5:55  Factory  
  61  5:57  Factory  
  61  5:58  SCV  
  61  6:11  Hellion x2  
  61  6:17  SCV x2  
  59  6:22  Terran Vehicle And Ship Armor Level 1, SCV, Terran Vehicle Weapons Level 1  
  60  6:29  SCV x2  
  62  6:40  Supply Depot  
  62  6:42  Supply Depot  
  62  6:50  Factory Tech Lab x2  
  62  6:52  Banshee  
  65  6:56  SCV  
  65  6:57  Factory x2  
  65  6:58  SCV  
  67  7:02  Orbital Command  
  67  7:04  Supply Depot  
  67  7:09  Hellion x2  
  67  7:11  SCV x2  
  73  7:24  Thor  
  73  7:25  Siege Tank  
  73  7:27  SCV x2  
  73  7:28  SCV  
  85  7:36  Banshee  
  88  7:39  SCV x2, Refinery  
  88  7:40  Refinery  
  88  7:41  Hellion x2  
  94  7:47  Engineering Bay  
  94  7:49  Supply Depot  
  94  7:50  Factory Reactor  
  94  7:51  Factory Tech Lab  
  94  7:54  SCV x3  
  94  7:57  Hellion  
  99  8:02  Hellion  
  101  8:10  Supply Depot  
  101  8:11  SCV x2, Hellion  
  105  8:15  Missile Turret  
  105  8:18  Supply Depot  
  105  8:19  Siege Tank  
  108  8:27  Terran Vehicle Weapons Level 2  
  108  8:32  Hellion x3  
  108  8:34  SCV x3  
  116  8:40  Thor  
  123  8:41  Supply Depot  
  123  8:42  Supply Depot x2  
  123  8:43  Infernal Pre-Igniter  
  123  8:48  Terran Vehicle And Ship Armor Level 2  
  123  8:51  SCV  
  123  8:52  SCV  
  125  8:59  SCV  
  125  9:02  Siege Tank  
  117  9:03  Hellion x2  
  119  9:13  Hellion, Siege Tank  
  124  9:18  Hellion  
  124  9:21  Hyperflight Rotors  
  124  9:23  Hellion  
  128  9:25  SCV x2  
  128  9:26  Supply Depot x2  
  128  9:27  Banshee  
  133  9:40  SCV x2  
  133  9:41  Missile Turret  
  133  9:42  Missile Turret  
  133  9:44  Hellion x2, Siege Tank  
  142  9:56  Command Center  
  142  9:57  Siege Tank  
  145  10:12  Siege Tank  
  148  10:14  Hellion  
  148  10:15  Hellion  
  148  10:18  Supply Depot  
  132  10:37  Hellion x2, Siege Tank  
  132  10:40  Siege Tank  
  136  10:44  Siege Tank  
  139  10:56  Supply Depot x2  
  139  11:02  Terran Vehicle Weapons Level 3, Starport  
  139  11:03  Starport x2  
  139  11:04  Starport  
  139  11:05  Terran Ship Weapons Level 1  
  139  11:13  Thor  
  139  11:14  Hellion x2  
  149  11:28  Siege Tank  
  149  11:31  Supply Depot  
  152  11:33  Supply Depot  
  102  11:48  Hellion x2  
  102  11:49  Starport Reactor x4, Siege Tank  
  102  11:51  SCV x2  
  101  11:55  Hellion x2  
  101  11:56  Siege Tank  
  103  12:11  Viking  
  103  12:14  Siege Tank  
  103  12:15  Hellion x2  
  112  12:21  Command Center  
  112  12:23  Sensor Tower  
  112  12:32  Planetary Fortress  
  112  12:38  Refinery, Missile Turret  
  112  12:39  Viking, Refinery  
  114  12:45  Viking  
  114  12:50  Viking  
  118  12:55  Viking x2  
  122  13:01  Viking x2  
  126  13:05  Viking  
  126  13:12  Viking, Sensor Tower  
  130  13:17  Viking x2  
  134  13:20  Viking  
  134  13:23  Hellion  
  138  13:27  Viking  
  138  13:28  Viking  
  142  13:40  Viking x3  
  144  13:49  Viking x2  
  144  13:50  Viking  
  144  13:51  Viking  
  148  14:07  Hellion x4, Siege Tank x2  
  158  14:16  Hellion  
  123  14:28  Viking x2, Hellion  
  113  14:36  Hellion  
  98  14:51  Hellion x2, Siege Tank x3  
  98  14:52  Hellion  
  105  14:57  SCV x4  
  64  15:36  Viking x2  
Show
View Real Time Build Order
Export as new Build Order

Dutchkid Zerg - Winner!

Build Orders: Hatch First 

Get SALT Encoding   

  12  0:00  Drone  
  13  0:12  Overlord  
  13  0:17  Drone  
  14  0:30  Drone x2  
  14  0:34  Drone  
  17  0:52  Hatchery  
  17  0:55  Drone  
  17  0:59  Extractor  
  17  1:02  Drone  
  17  1:16  Spawning Pool  
  17  1:17  Drone  
  17  1:22  Drone  
  18  1:28  Drone  
  19  1:38  Overlord  
  19  1:50  Drone  
  20  2:02  Queen  
  20  2:03  Metabolic Boost  
  20  2:04  Queen  
  20  2:06  Zergling x2  
  25  2:09  Zergling x2  
  25  2:14  Drone  
  27  2:16  Drone  
  28  2:34  Hatchery  
  27  2:37  Drone  
  27  2:38  Drone  
  27  2:40  Drone  
  30  2:53  Overlord  
  30  2:54  Drone x3  
  33  2:59  Drone  
  33  3:03  Queen  
  36  3:15  Queen, Evolution Chamber  
  36  3:18  Zergling x4  
  39  3:24  Overlord  
  39  3:26  Drone x2  
  41  3:39  Drone x3  
  44  3:44  Zerg Melee Weapons Level 1  
  44  4:03  Drone x2  
  44  4:08  Queen x3  
  52  4:11  Drone x3  
  52  4:12  Drone x3  
  52  4:13  Overlord  
  58  4:30  Extractor  
  57  4:35  Extractor  
  56  4:47  Spore Crawler  
  56  4:48  Spore Crawler  
  56  4:51  Spore Crawler  
  51  4:59  Zergling x12  
  56  5:00  Zergling x2  
  56  5:05  Lair  
  56  5:10  Drone x2  
  56  5:11  Drone  
  59  5:15  Baneling Nest  
  59  5:21  Zergling x10  
  59  5:22  Zergling x6  
  52  5:47  Drone x4  
  52  5:48  Drone x2  
  52  5:49  Drone x2  
  56  5:52  Drone x3  
  56  5:53  Drone x2  
  61  6:04  Overseer  
  53  6:20  Drone  
  53  6:21  Drone x8  
  53  6:22  Zergling x6  
  53  6:23  Zergling x2  
  66  6:33  Hydralisk Den  
  66  6:34  Extractor  
  66  6:36  Extractor, Zergling x6  
  66  6:37  Extractor, Zergling x2  
  66  6:38  Overlord x2  
  66  6:39  Overlord  
  66  6:43  Pneumatized Carapace  
  66  6:57  Drone x3  
  66  7:00  Drone x3  
  72  7:01  Drone  
  72  7:02  Drone  
  72  7:08  Zergling x8  
  78  7:22  Muscular Augments  
  78  7:24  Zerg Ground Armor Level 1  
  78  7:36  Centrifical Hooks  
  78  7:37  Overlord x5  
  78  7:38  Overlord  
  78  7:39  Overseer  
  78  7:48  Drone x6  
  84  8:02  Baneling x3  
  84  8:03  Baneling x13  
  84  8:04  Hatchery  
  83  8:06  Overlord x2  
  83  8:11  Hydralisk x5  
  93  8:18  Hydralisk x2  
  97  8:29  Hydralisk x2  
  97  8:30  Hydralisk x2  
  97  8:31  Zergling x8  
  97  8:32  Zergling x2  
  110  8:39  Drone  
  111  8:55  Infestation Pit  
  106  8:59  Evolution Chamber  
  101  9:08  Hydralisk  
  101  9:09  Hydralisk x4  
  109  9:10  Zergling x16  
  109  9:11  Zergling x2  
  120  9:18  Baneling x3  
  120  9:19  Baneling x7  
  120  9:22  Queen  
  122  9:24  Drone  
  122  9:25  Drone x7  
  122  9:30  Zerg Missile Weapons Level 1  
  130  9:32  Hive  
  130  9:39  Spire  
  130  9:41  Drone x3  
  130  9:42  Drone  
  130  9:44  Drone  
  134  9:47  Baneling x5  
  134  10:13  Overlord x5  
  134  10:18  Zerg Melee Weapons Level 2  
  92  10:37  Hydralisk, Zergling x32  
  92  10:38  Hydralisk x6, Zergling x2  
  115  10:53  Greater Spire, Hydralisk x3  
  115  10:54  Hydralisk x3  
  115  10:55  Zergling x2  
  115  10:56  Zergling x2  
  129  11:15  Hydralisk x2, Baneling x11  
  129  11:16  Hydralisk x4  
  129  11:17  Zergling x4  
  144  11:18  Zergling x2  
  136  11:29  Corruptor x2  
  108  11:51  Zergling x2  
  108  11:52  Hydralisk x7, Zergling x12  
  108  11:53  Hydralisk  
  121  12:05  Drone x5  
  121  12:06  Drone  
  127  12:09  Extractor  
  127  12:10  Corruptor x2  
  130  12:29  Corruptor x3  
  132  12:30  Corruptor  
  138  12:40  Extractor  
  137  12:47  Brood Lord  
  137  12:48  Brood Lord  
  141  12:51  Drone x2  
  141  12:52  Drone  
  141  12:54  Hatchery  
  143  13:02  Extractor  
  143  13:04  Extractor  
  141  13:09  Baneling x12  
  141  13:10  Zergling x20  
  141  13:11  Zergling x24  
  163  13:14  Brood Lord  
  165  13:24  Drone x3  
  165  13:25  Drone x3  
  171  13:32  Brood Lord x2  
  175  13:35  Overlord x4  
  175  13:36  Overlord  
  175  13:46  Zerg Ground Armor Level 2  
  166  13:59  Corruptor x3  
  136  14:24  Zergling x12  
  136  14:25  Zergling x26  
  145  14:33  Queen  
  100  15:25  Corruptor x7  
  100  15:26  Corruptor, Zergling x2  
  100  15:27  Hydralisk x10, Zergling x16  
Tags
 
League
Diamond
Matchup
TvZ
Spawn Locations
Cross Positions
Add a new tag
Caveats
  • Supply blocks, unpowered buildings, or Contaminate may cause inaccurate times.
  • Supply counts are checked every 10 seconds.